 Dungeon Crawl Stone Soup version 0.29.0-13-gc9e81de378 (webtiles) character file.

Game seed: 4323056985179065052

1137 Ashen the Chiller (level 8, 0/88 HPs)
             Began as a Demonspawn Ice Elementalist on Sept 11, 2022.
             Was an Initiate of Vehumet.
             Slain by a wraith (11 damage)
             ... on level 6 of the Dungeon.
             The game lasted 00:10:21 (6177 turns).

Ashen the Chiller (Demonspawn Ice Elementalist)     Turns: 6177, Time: 00:10:22

Health: 0/88       AC: 10    Str: 12    XL:     8   Next: 14%
Magic:  14/14      EV: 13    Int: 13    God:    Vehumet [......]
Gold:   336        SH:  5    Dex: 13    Spells: 4/15 levels left

rFire   x . .      SeeInvis .   t - +0 dagger (venom)
rCold   + . .      Faith    .   e - +1 buckler
rNeg    . . .      Spirit   .   a - +0 robe
rPois   +          Reflect  .   (helmet restricted)
rElec   .          Harm     .   r - +1 cloak
rCorr   .          Rampage  .   (no gloves)
Will    +....                   (no boots)
Stlth   ..........              o - amulet of the acrobat
HPRegen 0.24/turn               m - ring of Catufi {Ice Will+ Str+2 Int-5}
MPRegen 0.14/turn               l - ring of poison resistance

@: berserking (expiring), ice-armoured, slowed
A: antennae 2, ignite blood 2, spiny 1
a: Renounce Religion


You were on level 6 of the Dungeon.
You worshipped Vehumet.
Vehumet was noncommittal.
You visited 2 branches of the dungeon, and saw 7 of its levels.

You collected 336 gold pieces.

Inventory:

Hand Weapons
 t - a +0 dagger of venom (weapon)
Armour
 a - a +0 robe (worn)
 e - a +1 buckler (worn)
 i - a +2 helmet
 r - a +1 cloak (worn)
Jewellery
 l - a ring of poison resistance (right hand)
 m - the ring of Catufi (left hand) {Ice Will+ Str+2 Int-5}
   (You acquired it on level 4 of the Dungeon)

   [ring of ice]

   It enhances your ice magic.
   Str:       It affects your strength (+2).
   Int:       It affects your intelligence (-5).
   rF:        It makes you vulnerable to fire.
   rC:        It protects you from cold.
   Will:      It increases your willpower.
 o - an amulet of the acrobat (around neck)
Wands
 f - a wand of flame (36)
 n - a wand of charming (8)
Scrolls
 d - 5 scrolls of identify
 q - a scroll of amnesia {unknown}
 u - a scroll of enchant armour
 v - a scroll of butterflies {unknown}
Potions
 b - 2 potions of magic
 c - 3 potions of curing
 g - a potion of resistance {unknown}
 h - 2 potions of heal wounds {unknown}
 j - a potion of flight {unknown}
 k - a potion of mutation {unknown}
 p - a potion of berserk rage
 s - a potion of haste {unknown}


   Skills:
 + Level 3.6 Fighting
 + Level 4.0 Dodging
 + Level 4.2 Stealth
 + Level 3.2 Shields
 + Level 4.1 Spellcasting
 + Level 5.0 Ice Magic


You had 4 spell levels left.
You knew the following spells:

 Your Spells              Type           Power      Damage    Failure   Level
a - Freeze                Ice            92%        1d10      3%          1
b - Frozen Ramparts       Ice            46%        1d7       10%         3
c - Ozocubu's Armour      Ice            23%        N/A       10%         3
d - Hailstorm             Conj/Ice       13%        3d5       67%         4

Your spell library contained the following spells:

 Spells                   Type           Power      Damage    Failure   Level
 Apportation              Tloc           4%         N/A       26%         1
 Magic Dart               Conj           8%         1d3       26%         1
 Necrotise                Necr           8%         1d4       26%         1
 Summon Small Mammal      Summ           8%         N/A       26%         1
 Blink                    Tloc           4%         N/A       38%         2
 Call Imp                 Summ           2%         N/A       38%         2
 Scorch                   Fire           4%         2d5       38%         2
 Dazzling Flash           Conj/Hex       4%         N/A       63%         3
 Mephitic Cloud           Conj/Pois/Air  2%         N/A       63%         3
 Flame Wave               Conj/Fire      2%         2d4       95%         4
 Iskenderun's Mystic Bla  Conj/Tloc      2%         2d3       95%         4
 Manifold Assault         Tloc           2%         N/A       100%        5
 Starburst                Conj/Fire      1%         6d3       100%        6
 Summon Cactus Giant      Summ           1%         N/A       100%        6
 Storm Form               Tmut/Air       1%         N/A       100%        7


Dungeon Overview and Level Annotations

Branches:
Dungeon (6/15)             Temple (1/1) D:5

Altars:
Cheibriados
Dithmenos
Fedhas
Gozag
Hepliaklqana
Makhleb
Okawaru
Qazlal
Ru
Sif Muna
Trog
Uskayaw
Vehumet
Wu Jian
Xom
Yredelemnul

Shops:
D:5 *


Innate Abilities, Weirdness & Mutations

You have a pair of antennae on your head.
Your demonic aura often causes spilled blood to erupt in flames.
You are partially covered in sharp spines.


Message History

You closely miss the wraith.
The wraith is lightly damaged.
The wraith hits you.
* * * LOW HITPOINT WARNING * * *
The wraith drains your vigour!
You feel as though you will be slow longer.
You hit the wraith.
The wraith is lightly damaged.
The wraith hits you!
* * * LOW HITPOINT WARNING * * *
The wraith drains your vigour!
You feel as though you will be slow longer.
You hit the wraith.
The wraith is moderately damaged.
The wraith barely misses you.
You hit the wraith but do no damage.
The wraith is moderately damaged.
The wraith closely misses you.
You hit the wraith but do no damage.
The wraith is moderately damaged.
The wraith misses you.
You hit the wraith but do no damage.
The wraith is moderately damaged.
The wraith misses you.
You hit the wraith.
The wraith is moderately damaged.
The wraith closely misses you.
You puncture the wraith!
The wraith is heavily damaged.
The wraith closely misses you.
You closely miss the wraith.
The wraith is heavily damaged.
The wraith is struck by your spines. The wraith hits you!
* * * LOW HITPOINT WARNING * * *
The wraith drains your vigour!
You feel as though you will be slow longer.
You barely miss the wraith.
The wraith is severely damaged.
The wraith is struck by your spines. The wraith hits you!
You die...

.#...#..... ###........
.. ##......... ....
........... ...
.#..........## ###..
.#.........#8.. ..8#
..#.....#..#...# ...#
..##...##..#...W#...#
#..##.##...+.#.#@#.##
#..##......##.#!#.#.+
##)#†......#...#....#
#.)).......#....#...#
..#........#8..#...8#
............####'###..#
......................#
........##...........##
.......#####...#######


You could see a wraith.

Vanquished Creatures
  Sigmund (D:5)
  An ice beast (D:5)
  A sky beast (D:6)
  A black bear (D:6)
  An ogre (D:5)
  A necrophage (D:4)
  2 scorpions
  A gnoll bouda (D:5)
  3 hounds (D:5)
  2 orc wizards
  2 iguanas (D:5)
  4 gnolls (D:5)
  5 adders
  A shadow imp (D:5)
  An ufetubus (D:5)
  2 worms
  4 dart slugs
  14 orcs
  6 ball pythons
  5 bats
  12 endoplasms
  4 giant cockroaches
  9 goblins
  9 hobgoblins
  4 jackals (D:2)
  4 frilled lizards (D:2)
  6 kobolds
  9 rats
115 creatures vanquished.

Notes
Turn   | Place    | Note
-------+----------+-------------------------------------------
     0 | D:1      | Ashen the Demonspawn Ice Elementalist began the quest for
                  | the Orb.
     0 | D:1      | Reached XP level 1. HP: 13/13 MP: 3/3
   224 | D:1      | Gained mutation: You are partially covered in sharp spines.
                  | [demonic ancestry]
   224 | D:1      | Reached XP level 2. HP: 17/20 MP: 3/5
   996 | D:1      | Gained mutation: Your demonic aura sometimes causes spilled
                  | blood to erupt in flames. [demonic ancestry]
   996 | D:1      | Reached XP level 3. HP: 25/25 MP: 6/6
  1143 | D:2      | Reached skill level 1 in Fighting
  1350 | D:2      | Found a faded altar of an unknown god.
  1355 | D:2      | Found a bloodstained altar of Trog.
  1837 | D:2      | Reached XP level 4. HP: 19/32 MP: 0/7
  2532 | D:3      | Reached skill level 1 in Shields
  2710 | D:3      | Reached skill level 4 in Ice Magic
  2812 | D:3      | Found a hazy altar of Hepliaklqana.
  2818 | D:3      | Found an ornate altar of the Wu Jian Council.
  2918 | D:3      | Found a bloodstained altar of Trog.
  3654 | D:4      | Noticed a necrophage
  3686 | D:3      | Learned a level 3 spell: Frozen Ramparts
  3690 | D:3      | Learned a level 3 spell: Ozocubu's Armour
  3763 | D:4      | Identified the +8 shortbow of the Spectre {venom, rC+ rN++}
  3984 | D:4      | Reached XP level 5. HP: 30/37 MP: 9/9
  4103 | D:4      | Identified a scroll of acquirement
  4103 | D:4      | Acquired the ring of Catufi {Ice Will+ Str+2 Int-5}
  4580 | D:5      | Entered Level 5 of the Dungeon
  4613 | D:5      | Gained mutation: Your demonic aura often causes spilled
                  | blood to erupt in flames. [demonic ancestry]
  4613 | D:5      | Reached XP level 6. HP: 44/44 MP: 10/10
  4628 | D:5      | Found Jacseej's Gadget Gallery.
  4678 | D:5      | Learned a level 4 spell: Hailstorm
  5317 | D:5      | Noticed Sigmund
  5327 | D:5      | Killed Sigmund
  5328 | D:5      | Gained mutation: You have a pair of small antennae on your
                  | head. [demonic ancestry]
  5328 | D:5      | Reached XP level 7. HP: 51/51 MP: 5/12
  5452 | D:5      | Found a staircase to the Ecumenical Temple.
  5678 | Temple   | Entered the Ecumenical Temple
  5763 | Temple   | Became a worshipper of Vehumet
  6064 | D:6      | Found a blossoming altar of Fedhas.
  6085 | D:6      | Reached skill level 5 in Ice Magic
  6085 | D:6      | Gained mutation: You have a pair of antennae on your head.
                  | [demonic ancestry]
  6085 | D:6      | Reached XP level 8. HP: 51/58 MP: 7/14
  6177 | D:6      | Slain by a wraith

Illustrated notes

Levels and vault maps discovered:
D:1:      dpeg_arrival_tiny_d, layout_rooms
D:2:      minmay_diamond_boxcup, layout_rooms, basic_altar,
          ebering_ecumenical_altar_sacrificial, nicolae_figureground_pulse
D:3:      layout_loops_ring, mainiacjoe_overflow_24_doors,
          grunt_temple_overflow_diamond, serial_bayou_lagoon_a,
          hangedman_decor_clover_reticule
D:4:      layout_loops_ring
D:5:      layout_loops_corners, minmay_temple_entry_grid, nicolae_shop_gadgets,
          uniq_sigmund
D:6:      layout_cave_pools, fedhas_altar_2, mainiacjoe_overflow_brackets,
          minivault_1, minmay_gold_behind_fungi, hangedman_decor_growths
Temple:   zaba_magenta_temple

Skill      XL: |  1  2  3  4  5  6  7  8 |
---------------+-------------------------+-----
Stealth        | 2 3 4 |  4.2
Dodging        | 2 3 4 |  4.0
Fighting       | 1 2 3 |  3.6
Shields        | 1 2 3 |  3.2
Ice Magic      | 4 5 |  5.0
Spellcasting   | 3 4 |  4.1

Action                   |  1- 3 |  4- 6 |  7- 9 || total
-------------------------+-------+-------+-------++-------
Melee: Unarmed           |    88 |    29 |       ||   117
       Short sword       |       |    14 |       ||    14
       Dagger            |       |    53 |    60 ||   113
 Cast: Freeze            |    31 |    37 |       ||    68
       Frozen Ramparts   |       |     4 |     2 ||     6
       Ozocubu's Armour  |       |     3 |     3 ||     6
  Use: Scroll            |       |     6 |       ||     6
       Potion            |       |       |     1 ||     1
 Stab: Sleeping          |     3 |     9 |       ||    12
Armor: Robe              |    17 |    27 |    11 ||    55
Dodge: Dodged            |    62 |    56 |    43 ||   161
Block: Buckler           |    16 |    20 |    15 ||    51
